 Dungeon Crawl Stone Soup version 0.22.0-5-gf09313c (webtiles) character file.

149 mopl the Grave Robber (level 5, -3/35 HPs)
             Began as a Vampire Necromancer on Aug 13, 2018.
             Was an Initiate of Dithmenos.
             Slain by a gnoll
             ... wielding a +0 whip
              (4 damage)
             ... on level 4 of the Dungeon.
             The game lasted 00:05:18 (2625 turns).

mopl the Grave Robber (Vampire Necromancer)         Turns: 2625, Time: 00:05:19

Health: -3/35      AC:  4    Str:  7    XL:     5   Next: 9%
Magic:  9/18       EV: 13    Int: 16    God:    Dithmenos [......]
Gold:   176        SH:  0    Dex: 15    Spells: 4/9 levels left

rFire    . . .     SeeInvis +   e - +0 short sword
rCold    . . .     Gourm    .   (no shield)
rNeg     + + +     Faith    .   a - +0 robe
rPois    ∞         Spirit   .   (no helmet)
rElec    .         Reflect  .   f - +0 cloak
rCorr    .         Harm     .   m - +0 pair of gloves
MR       .....                  (no boots)
Stlth    +++++.....             (no amulet)
HPRegen  0.00/turn              n - ring of magical power
MPRegen  0.16/turn              q - -2 ring of intelligence (curse)

@: very slightly contaminated, bloodless, non-regenerating
A: fangs 3, see invisible, unbreathing, [cold vulnerability 2]
a: Bat Form, Renounce Religion


You were on level 4 of the Dungeon.
You worshipped Dithmenos.
Dithmenos was noncommittal.
You were bloodless.

You visited 1 branch of the dungeon, and saw 4 of its levels.

You collected 176 gold pieces.

Inventory:

Hand Weapons
 e - a +0 short sword (weapon)
Missiles
 p - 13 poisoned needles
Armour
 a - a +0 robe (worn)
 f - a +0 cloak (worn)
 m - a +0 pair of gloves (worn)
Jewellery
 n - a ring of magical power (left hand)
 q - a cursed -2 ring of intelligence (right hand)
Scrolls
 b - 3 scrolls of immolation {unknown}
 g - a scroll of remove curse {unknown}
 h - a scroll of teleportation {unknown}
 k - a scroll of enchant weapon {unknown}
 l - 2 scrolls of identify {unknown}
 t - a scroll of random uselessness {unknown}
Potions
 c - 6 potions of blood
 d - 2 potions of brilliance {unknown}
 i - a potion of might
 j - 3 potions of heal wounds {unknown}
 o - a potion of haste {unknown}
 r - 2 potions of lignification {unknown}
 s - a potion of curing {unknown}


   Skills:
 + Level 2.5 Short Blades
 - Level 2.1 Dodging
 + Level 4.8 Stealth
 + Level 2.9 Spellcasting
 + Level 5.1 Necromancy


You had 4 spell levels left.
You knew the following spells:

 Your Spells              Type           Power        Failure   Level  Hunger
a - Pain                  Necr           ###.         2%          1    #......
b - Vampiric Draining     Necr           ###.......   7%          3    ###....
x - Animate Skeleton      Necr           N/A          2%          1    #......

Your spell library contained the following spells:

 Spells                   Type           Power        Failure   Level  Hunger
 Animate Dead             Necr           N/A          22%         4    #####..
 Regeneration             Chrm/Necr      ##........   21%         3    ###....


Dungeon Overview and Level Annotations

Branches:
Dungeon (4/15)
 Temple: D:4-7

Altars:
Dithmenos
Qazlal


Innate Abilities, Weirdness & Mutations

You do not heal naturally.
You are immune to poison.
You have razor-sharp teeth.
You have supernaturally acute eyesight. (SInv)
You can survive without breathing.
[You are very vulnerable to cold. (rC--)]


Message History

Confirm with . or Enter, or press ? or * to list all spells.
Aiming: Vampiric Draining (safe; 7% risk of failure)
Press: ? - help, Shift-Dir - straight line, f/p - gnoll
Aim: a gnoll, wielding a spear (severely wounded)
You miscast Vampiric Draining.
You are very lightly contaminated with residual magic.
You sense a malignant aura.
The gnoll hits you with a whip.
* * * LOW HITPOINT WARNING * * *
The gnoll hits you with a spear.
* * * LOW HITPOINT WARNING * * *
Unknown command.
Casting: Vampiric Draining (safe; 7% risk of failure)
Confirm with . or Enter, or press ? or * to list all spells.
Aiming: Vampiric Draining (safe; 7% risk of failure)
Press: ? - help, Shift-Dir - straight line, f/p - gnoll
Aim: a gnoll, wielding a spear (severely wounded)
You miscast Vampiric Draining.
You hear strange and distant voices.
The gnoll hits you with a whip.
You die...

.........%# ###
#######'############## #.#
#.........##.......#
##.#####.###.#.#'##.......#
.....%.#.#...#............#
...###.#.(...+...(........#
.....#.......##.........###
####'####....##gg.......#
..........######@##.....#
......##### #<##.....#
......# ####.....# ......#
#.....# ).....# #.....#
......# #.....# ......#
####### .>....# ......#


You could see 2 gnolls.

Vanquished Creatures
  A centaur skeleton (D:3)
  2 adders
  A gnoll (D:3)
  2 oozes
  3 leopard geckos
  2 ball pythons
  9 bats
  6 giant cockroaches
  9 hobgoblins
  5 jackals
  2 quokkas (D:2)
  4 frilled lizards
  10 goblins
  10 kobolds
  8 rats
74 creatures vanquished.

Vanquished Creatures (collateral kills)
  2 bats
  A rat (D:1)
3 creatures vanquished.

Grand Total: 77 creatures vanquished

Notes
Turn   | Place    | Note
-------+----------+-------------------------------------------
     0 | D:1      | mopl the Vampire Necromancer began the quest for the Orb.
     0 | D:1      | Reached XP level 1. HP: 13/13 MP: 3/3
   154 | D:1      | Reached XP level 2. HP: 13/19 MP: 1/5
   181 | D:1      | Learned a level 1 spell: Animate Skeleton
   351 | D:1      | Reached skill level 1 in Short Blades
   594 | D:1      | Reached XP level 3. HP: 24/24 MP: 6/6
   599 | D:1      | Learned a level 3 spell: Vampiric Draining
   841 | D:2      | Reached skill level 4 in Stealth
  1256 | D:2      | Reached XP level 4. HP: 14/30 MP: 1/7
  1563 | D:3      | Reached skill level 2 in Short Blades
  1746 | D:3      | Reached skill level 5 in Necromancy
  2062 | D:3      | Found a faded altar of an unknown god.
  2065 | D:3      | Became a worshipper of Qazlal Stormbringer
  2065 | D:3      | Reached * piety under Qazlal
  2089 | D:3      | Fell from the grace of Qazlal
  2095 | D:3      | Found a shadowy altar of Dithmenos.
  2112 | D:3      | Became a worshipper of Dithmenos the Shadowed
  2427 | D:4      | Reached XP level 5. HP: 25/35 MP: 9/9
  2620 | D:3      | Noticed a rime drake
  2620 | D:3      | Noticed a fire elemental
  2624 | D:4      | HP: 1/35 [gnoll/spear (6)]
  2625 | D:4      | Slain by a gnoll

Skill      XL: |  1  2  3  4 |
---------------+-------------+-----
Short Blades   | 1 2 |  2.5
Stealth        | 4 |  4.8
Necromancy     | 5 |  5.1
Dodging        | |  2.1
Spellcasting   | |  2.9

Action                   |  1- 3 |  4- 6 || total
-------------------------+-------+-------++-------
Melee: Short sword       |   160 |    64 ||   224
       Bite              |    14 |    10 ||    24
 Cast: Pain              |    14 |     1 ||    15
       Animate Skeleton  |     3 |     2 ||     5
       Vampiric Draining |       |    15 ||    15
Invok: Renounce Religion |       |     1 ||     1
  Use: Potion            |     5 |       ||     5
 Stab: Sleeping          |     7 |     6 ||    13
Armor: Robe              |    52 |    22 ||    74
Dodge: Dodged            |   107 |    59 ||   166
